 Dungeon Crawl Stone Soup version 0.30-a0-782-ge64f9170bb (webtiles) character file.

Game seed: 10166366521006572161

10211 mopl the Martial Artist (level 11, 0/88 HPs)
             Began as a Djinni Transmuter on Mar 9, 2023.
             Was a Believer of Uskayaw.
             Slain by a four-headed hydra (7 damage)
             ... on level 1 of the Lair of Beasts.
             The game lasted 00:15:04 (10428 turns).

mopl the Martial Artist (Djinni Transmuter)        Turns: 10428, Time: 00:15:04

Health: 0/88       AC:  7    Str: 13    XL:     11   Next: 88%
Gold:   782        EV: 16    Int: 16    God:    Uskayaw [**....] SH:  0 Dex: 13

rFire   x . .      SeeInvis +      - Unarmed
rCold   + + +      Faith    .    (shield currently unavailable)
rNeg    . . .      Spirit   .    (body armour currently unavailable)
rPois   ∞          Reflect  .    (helmet currently unavailable)
rElec   .          Harm     .    (cloak currently unavailable)
rCorr   .          Rampage  .    (gloves currently unavailable)
Will    +....                    (boots unavailable)
Stlth   +                        (no amulet)
HPRegen 0.34/turn                G - +5 ring of evasion
MPRegen 0.00/turn                C - ring of see invisible

@: ice-form, flying
A: freezing attack, flying, boosted hp, sickness immunity, large, (fire
resistance 2), (cold vulnerability 1), float, innate caster, HP casting, extra
vitality 1
a: End Transformation, Renounce Religion, Stomp, Line Pass


You were on level 1 of the Lair of Beasts.
You worshipped Uskayaw.
Uskayaw was noncommittal.
You were a creature of crystalline ice.
You visited 3 branches of the dungeon, and saw 12 of its levels.

You collected 782 gold pieces.

Inventory:

Missiles
 o - 6 throwing nets
 r - 17 poisoned darts
 F - 2 boomerangs
Armour
 w - a +1 cloak (melded)
 x - a +0 helmet (melded)
 y - a +0 pair of gloves (melded)
 E - +0 steam dragon scales (melded)
Jewellery
 q - a ring of protection from fire
 C - a ring of see invisible (right front paw)
 G - a +5 ring of evasion (left front paw)
Wands
 l - a wand of iceblast (4)
 s - a wand of flame (19)
 u - a wand of paralysis (16)
 v - a wand of quicksilver (17)
 B - a wand of digging (5)
 H - a wand of polymorph (12)
 K - a wand of mindburst (4)
Scrolls
 a - 4 scrolls of immolation {unknown}
 c - 4 scrolls of fear {unknown}
 d - 7 scrolls of teleportation {unknown}
 e - a scroll of amnesia {unknown}
 f - 3 scrolls of identify
 g - 2 scrolls of fog {unknown}
 h - 2 scrolls of magic mapping {unknown}
 i - 9 scrolls of enchant weapon {unknown}
 n - a scroll of enchant armour {unknown}
 p - 4 scrolls of torment {unknown}
 t - 3 scrolls of noise {unknown}
 A - 2 scrolls of poison {unknown}
 I - a scroll of silence {unknown}
Potions
 b - 2 potions of lignification {!q}
 j - 2 potions of berserk rage {!q}
 k - a potion of haste
 m - 4 potions of curing
 z - 4 potions of brilliance
 D - 2 potions of invisibility
 J - a potion of might


   Skills:
 + Level 4.6 Fighting
 + Level 3.6 Throwing
 + Level 4.4 Armour
 + Level 5.5 Dodging
 * Level 11.0 Unarmed Combat
 + Level 5.9 Spellcasting
 + Level 6.8 Invocations
 + Level 4.5 Evocations


You couldn't memorise any spells.
You knew the following spells:

 Your Spells              Type           Power      Damage    Failure   Level
a - Beastly Appendage     Tmut           46%        N/A       1%          1
b - Spider Form           Tmut/Pois      23%        N/A       3%          3
c - Freeze                Ice            92%        1d9       1%          1
d - Ice Form              Ice/Tmut       23%        N/A       12%         4
e - Lesser Beckoning      Tloc           46%        N/A       1%          2
f - Cause Fear            Hex            11%        N/A       12%         4
g - Dazzling Flash        Conj/Hex       46%        N/A       3%          3
h - Summon Ice Beast      Ice/Summ       23%        N/A       12%         4
w - Wereblood             Tmut           23%        N/A       1%          2
Your spell library was empty.

Dungeon Overview and Level Annotations

Branches:
Dungeon (10/15)            Temple (1/1) D:4            Lair (1/5) D:10
    Orc (0/2) D:9

Altars:
Ashenzari
Cheibriados
Dithmenos
Elyvilon
Fedhas
Gozag
Hepliaklqana
Makhleb
Nemelex Xobeh
Okawaru
Qazlal
Ru
Trog
Uskayaw
Wu Jian
Xom
Yredelemnul
Zin
The Shining One


Innate Abilities, Weirdness & Mutations

You are a creature of crystalline ice.
You have a powerful freezing melee attack.
You are flying.
Your maximum health is increased.
Your armour is entirely melded.
You are incapable of wielding weapons or throwing items.
You are immune to sickness and miasma.
You are immune to poison.
((Your flesh is very heat resistant. (rF++)))
((You are vulnerable to cold. (rC-)))
You float through the air rather than walking.
You learn spells naturally, not from books.
Your magical power is your life essence.
You have superior vitality. (+4 MHP)


Message History

The four-headed hydra bites you!
The four-headed hydra bites you but does no damage.
You pummel the four-headed hydra!! You freeze the four-headed hydra!
The four-headed hydra is heavily wounded.
The four-headed hydra bites you.
The four-headed hydra completely misses you.
The four-headed hydra misses you.
The four-headed hydra barely misses you.
You are too injured to fight recklessly!
You punch the four-headed hydra! You freeze the four-headed hydra.
The four-headed hydra is heavily wounded.
Uskayaw will force your foes to helplessly watch your dance.
Uskayaw prepares the audience for your solo!
The helpless four-headed hydra fails to defend itself.
You hit the four-headed hydra. You freeze the four-headed hydra.
The four-headed hydra is heavily wounded.
The four-headed hydra is no longer paralysed.
The four-headed hydra misses you.
The four-headed hydra closely misses you.
The four-headed hydra bites you! x2
You punch the four-headed hydra! You freeze the four-headed hydra.
The four-headed hydra is severely wounded.
You hit the four-headed hydra.
The four-headed hydra seems to slow down.
You freeze the four-headed hydra.
The four-headed hydra is severely wounded.
The four-headed hydra closely misses you.
The four-headed hydra misses you.
The four-headed hydra closely misses you.
The four-headed hydra bites you!
* * * LOW HITPOINT WARNING * * *
You stomp with the beat, sending a shockwave through the revellers around you!
The four-headed hydra is almost dead.
You stomp with the beat, sending a shockwave through the revellers around you!
The four-headed hydra is almost dead.
The four-headed hydra bites you but does no damage.
The four-headed hydra bites you!
* * * LOW HITPOINT WARNING * * *
The four-headed hydra misses you. The four-headed hydra bites you!
You die...

#.......> #........ #......).
#......## ## ###
######......#
##..#######.#####.#.##......#
.......)....................#
............................#
..^.........DY..............#
............................#
............................#
........:...................#
....###.############.#......#
.... ### ###....... .. ..


You could see a four-headed hydra (slow).

Vanquished Creatures
  2 two-headed ogres (D:10)
  A death yak (D:10)
  An elephant (D:10)
  Maurice (D:8)
  Joseph (Lair:1)
  2 black mambas (Lair:1)
  An unseen horror (D:10)
  A komodo dragon (Lair:1)
  A troll (D:10)
  A hornet (D:9)
  3 yaks (Lair:1)
  A vampire (D:9)
  2 steam dragons (D:7)
  2 vampire mosquitoes (D:10)
  Menkaure (D:6)
  2 water moccasins
  7 black bears
  2 sky beasts
  3 orc warriors
  2 ice beasts
  2 ogres
  4 centaurs
  A gnoll sergeant (D:9)
  A necrophage (D:8)
  5 bullfrogs
  2 scorpions
  12 wights
  8 killer bees
  3 howler monkeys
  9 orc priests
  A gnoll bouda (D:7)
  8 hounds
  Jessica (D:2)
  Terence (D:3)
  3 iguanas
  5 orc wizards
  7 gnolls
  4 adders
  4 shadow imps
  A white imp (D:7)
  An ufetubus (D:5)
  A worm (D:3)
  A dart slug (D:2)
  33 orcs
  8 ball pythons
  7 bats
  5 endoplasms
  3 giant cockroaches
  7 goblins
  6 hobgoblins
  3 jackals (D:4)
  6 kobolds
  4 quokkas
  4 frilled lizards
  6 rats
214 creatures vanquished.

Vanquished Creatures (others)
  A swamp drake (D:9)
  2 fungi (D:10)
3 creatures vanquished.

Grand Total: 217 creatures vanquished

Notes
Turn   | Place    | Note
-------+----------+-------------------------------------------
     0 | D:1      | mopl the Djinni Transmuter began the quest for the Orb.
     0 | D:1      | mopl set off with the following spells memorised: Beastly
                  | Appendage, Wereblood, Spider Form, Ice Form.
     0 | D:1      | Reached XP level 1. HP: 17/17 MP: 0/0
   184 | D:1      | You are sucked into a shaft and drop 1 floor!
   238 | D:1      | Reached XP level 2. HP: 14/22 MP: 0/0
   610 | D:1      | Reached XP level 3. HP: 21/27 MP: 0/0
   610 | D:1      | Learned a level 1 spell: Freeze
   619 | D:1      | Found a faded altar of an unknown god.
   685 | D:1      | Reached skill level 2 in Spellcasting
  1235 | D:2      | Noticed Jessica
  1242 | D:2      | Killed Jessica
  1243 | D:2      | Reached skill level 4 in Unarmed Combat
  1243 | D:2      | Reached XP level 4. HP: 23/32 MP: 0/0
  1896 | D:3      | Found a basalt altar of Yredelemnul.
  2133 | D:3      | Reached XP level 5. HP: 35/37 MP: 0/0
  2133 | D:3      | Learned a level 2 spell: Lesser Beckoning
  2159 | D:3      | Noticed Terence
  2202 | D:3      | Killed Terence
  2267 | D:4      | Found a staircase to the Ecumenical Temple.
  2275 | Temple   | Entered the Ecumenical Temple
  2465 | Temple   | Became a worshipper of Uskayaw the Reveller
  2801 | D:4      | Noticed a black bear
  2806 | D:4      | Reached * piety under Uskayaw
  2812 | D:4      | Killed a black bear
  2813 | D:4      | Reached skill level 5 in Unarmed Combat
  2813 | D:4      | Reached skill level 1 in Invocations
  2813 | D:4      | Reached XP level 6. HP: 7/42 MP: 0/0
  3049 | D:4      | Found a broken altar of Ashenzari.
  3069 | D:4      | Found a blossoming altar of Fedhas.
  3324 | D:4      | Found an iron altar of Okawaru.
  3660 | D:5      | Entered Level 5 of the Dungeon
  3687 | D:5      | Noticed a black bear
  3693 | D:5      | Reached ** piety under Uskayaw
  3695 | D:5      | Killed a black bear
  3696 | D:5      | Reached skill level 3 in Spellcasting
  3704 | D:5      | Reached skill level 2 in Invocations
  3704 | D:5      | Reached XP level 7. HP: 31/47 MP: 0/0
  3704 | D:5      | Learned a level 3 spell: Dazzling Flash
  3807 | D:5      | Reached skill level 6 in Unarmed Combat
  4392 | D:6      | Reached skill level 3 in Invocations
  4399 | D:6      | Reached XP level 8. HP: 37/52 MP: 0/0
  4401 | D:6      | Reached *** piety under Uskayaw
  4405 | D:6      | Found a shadowy altar of Dithmenos.
  4454 | D:5      | Reached skill level 7 in Unarmed Combat
  4608 | D:6      | Reached skill level 4 in Spellcasting
  4798 | D:6      | Reached skill level 4 in Invocations
  4854 | D:6      | Reached skill level 8 in Unarmed Combat
  4865 | D:6      | Noticed Menkaure
  4935 | D:6      | Killed Menkaure
  5057 | D:6      | Found a bloodstained altar of Trog.
  5088 | D:6      | Reached XP level 9. HP: 55/57 MP: 0/0
  5088 | D:6      | Learned a level 4 spell: Cause Fear
  5980 | D:7      | Reached **** piety under Uskayaw
  5983 | D:7      | Reached skill level 9 in Unarmed Combat
  5983 | D:7      | Reached skill level 5 in Invocations
  5988 | D:7      | Reached ***** piety under Uskayaw
  6124 | D:7      | Found an ornate altar of the Wu Jian Council.
  6200 | D:7      | Reached skill level 1 in Armour
  6210 | D:7      | Reached skill level 1 in Throwing
  6210 | D:7      | Reached skill level 1 in Evocations
  6556 | D:8      | Reached skill level 3 in Dodging
  6627 | D:8      | Reached skill level 2 in Fighting
  6712 | D:8      | Noticed Maurice
  6730 | D:8      | Killed Maurice
  6731 | D:8      | Reached skill level 5 in Spellcasting
  6731 | D:8      | Reached XP level 10. HP: 64/64 MP: 0/0
  6840 | D:8      | Reached skill level 2 in Armour
  6845 | D:8      | Reached skill level 2 in Evocations
  7103 | D:8      | Found a sacrificial altar of Ru.
  7253 | D:8      | Reached skill level 2 in Throwing
  7927 | D:9      | Reached skill level 3 in Fighting
  8141 | D:9      | Reached skill level 4 in Dodging
  8344 | D:9      | Reached skill level 3 in Evocations
  8366 | D:9      | Reached skill level 10 in Unarmed Combat
  8366 | D:9      | Found a staircase to the Orcish Mines.
  8381 | D:9      | Reached skill level 3 in Armour
  8754 | D:10     | Entered Level 10 of the Dungeon
  8769 | D:10     | Reached skill level 6 in Invocations
  8864 | D:10     | Noticed a death yak
  8864 | D:10     | Noticed an elephant
  8865 | D:10     | Found a staircase to the Lair.
  8968 | D:10     | Reached XP level 11. HP: 33/71 MP: 0/0
  8968 | D:10     | Learned a level 4 spell: Summon Ice Beast
  9166 | D:10     | Found a snail-covered altar of Cheibriados.
  9167 | D:10     | Noticed a two-headed ogre
  9178 | D:10     | Killed a two-headed ogre
  9326 | D:10     | Noticed a two-headed ogre
  9328 | D:10     | Reached skill level 3 in Throwing
  9336 | D:10     | Killed a two-headed ogre
  9337 | D:10     | Reached skill level 4 in Fighting
  9359 | D:10     | Reached skill level 5 in Dodging
  9359 | D:10     | Reached skill level 4 in Evocations
  9436 | D:10     | Killed a death yak
  9437 | D:10     | Reached skill level 4 in Armour
  9683 | D:10     | Killed an elephant
 10015 | Lair:1   | Entered Level 1 of the Lair of Beasts
 10094 | Lair:1   | Noticed Joseph
 10226 | Lair:1   | Killed Joseph
 10227 | Lair:1   | Reached skill level 11 in Unarmed Combat
 10409 | Lair:1   | Noticed a four-headed hydra
 10428 | Lair:1   | Slain by a four-headed hydra

Illustrated notes

Levels and vault maps discovered:
D:1:      psy_arrival_fountain, layout_rooms, serial_co_window_serial,
          co_window_corner_a, co_window_corner_a, co_window_paths_b,
          co_window_paths_a, co_window_corner_a, co_window_corner_b,
          co_window_broadway_b, co_window_broadway_a, co_window_corner_ca,
          co_window_unsneaky_path_b, glass_columns_b,
          shapermc_ecumenical_altar_acropolis, kennysheep_flooded_box
D:2:      layout_rooms, uniq_jessica
D:3:      layout_loops_ring, mainiacjoe_overflow_alcove_2,
          chequers_serial_rivers_room_a, minivault_26, uniq_terence
D:4:      layout_basic, mainiacjoe_overflow_alcove_1,
          kennysheep_okawaru_gauntlet, amcnicky_altar_gilded,
          minmay_temple_entry_wispy, minmay_misc_feat_iff
D:5:      layout_basic, kennysheep_generic_room_4
D:6:      layout_layer_cave, trog_ov_bears_minmay,
          mainiacjoe_overflow_tiny_flanked, uniq_menkaure
D:7:      layout_basic, amethyst_overflow_temple_binary
D:8:      layout_loops_corners, nicolae_ru_awakened_eye,
          kennysheep_generic_room_2, uniq_maurice
D:9:      minmay_skewed_foursquare, layout_basic, nicolae_sif_muna_condensation,
          erik_orc_1, serial_co_window_serial, co_window_paths_a,
          co_window_of_opportunity_a, co_window_of_opportunity_a,
          co_window_paths_a, co_window_paths_a, co_window_broadway_a,
          co_window_unsneaky_path_e, co_window_paths_c,
          co_window_of_opportunity_b, glass_columns_a, glass_columns_a,
          glass_columns_b
D:10:     layout_loops_cross, nicolae_overflow_crystal_walls, david_lair_generic
Temple:   grunt_temple_mini_profane
Lair:1:   layout_big_grid, uniq_joseph, uniq_maggie

Skill      XL: |  1  2  3  4  5  6  7  8  9 10 11 |
---------------+----------------------------------+-----
Spellcasting   | 2 3 4 5 |  5.9
Unarmed Combat | 4 5 6 8 9 10 11 | 11.0
Invocations    | 1 2 3 4 5 6 |  6.8
Armour         | 1 3 4 |  4.4
Throwing       | 1 2 3 |  3.6
Evocations     | 1 3 4 |  4.5
Dodging        | 3 4 5 |  5.5
Fighting       | 2 3 4 |  4.6

Action                     |  1- 3 |  4- 6 |  7- 9 | 10-12 || total
---------------------------+-------+-------+-------+-------++-------
  Melee: Unarmed           |    93 |   125 |   281 |   326 ||   825
         Headbutt          |    10 |    14 |     1 |     2 ||    27
         Punch             |     3 |     2 |     4 |    18 ||    27
  Throw: Dart              |       |       |       |     3 ||     3
   Cast: Beastly Appendage |    16 |    15 |     1 |     1 ||    33
         Spider Form       |     1 |     3 |    16 |     8 ||    28
         Ice Form          |       |       |     4 |     4 ||     8
         Wereblood         |       |       |     2 |     8 ||    10
         Lesser Beckoning  |       |       |       |     1 ||     1
 Invoke: Stomp             |       |     1 |       |     7 ||     8
Ability: End Transformatio |       |       |     1 |     1 ||     2
  Evoke: Wand              |       |       |     5 |     1 ||     6
    Use: Scroll            |       |       |     6 |     2 ||     8
   Stab: Sleeping          |       |     1 |     1 |       ||     2
         Paralysed         |       |       |    19 |    24 ||    43
         Confused          |       |       |       |     3 ||     3
 Armour: Robe              |    26 |    32 |    41 |       ||    99
         Skin              |       |     1 |     8 |     8 ||    17
         Steam dragon scal |       |       |     2 |    52 ||    54
  Dodge: Dodged            |    71 |    91 |   193 |   328 ||   683

Table legend: (Time is in decaauts)
 A = Elapsed time spent in this place.
 B = Non-inter-level travel time spent in this place.
 C = Inter-level travel time spent in this place.
 D = Time resting spent in this place.
 E = Time spent auto-exploring this place.
 F = Levels seen in this place.
 G = Mean time per level.
                   A        B        C        D        E       F      G
               +--------+--------+--------+--------+--------+-----+--------+
         Total |  10309 |   9869 |    440 |   1627 |   6286 |  12 |  859.1 |
       Dungeon |   9777 |   9376 |    401 |   1518 |   6052 |  10 |  977.7 |
        Temple |    215 |    177 |     38 |      0 |    170 |   1 |  215.0 |
          Lair |    316 |    316 |      0 |    109 |     64 |   1 |  316.0 |
               +--------+--------+--------+--------+--------+-----+--------+

Top non-repeatable levels by time:
     D:6: 1529 daAuts
    D:10: 1279 daAuts
     D:9: 1248 daAuts
     D:4: 1196 daAuts
     D:8: 973 daAuts
     D:1: 893 daAuts
     D:3: 720 daAuts
     D:5: 681 daAuts
     D:7: 636 daAuts
     D:2: 618 daAuts
  Lair:1: 316 daAuts
  Temple: 215 daAuts
